Map: Tokamak LE

Players

LigerMaNN - Winner!

  • Race: Zerg Zerg
  • League: Diamond
  • Spawn Location: 7:00

XtremeNubi

  • Race: Terran Terran
  • League: Diamond
  • Spawn Location: 1:00

VOD

Have the link to the VOD?

Description

Time

  • Played on: June 3, 2025, 10:20 p.m.
  • Length: 15:47
Show
View Real Time Build Order
Export as new Build Order

LigerMaNN Zerg - Winner!

Build Orders: Hatch First 

Get SALT Encoding   

  12  0:00  Drone  
  13  0:12  Overlord  
  13  0:16  Drone  
  14  0:31  Drone x2  
  16  0:47  Hatchery  
  15  0:50  Drone  
  15  0:54  Drone  
  17  0:58  Drone  
  18  1:09  Extractor  
  17  1:13  Spawning Pool  
  17  1:16  Drone  
  17  1:19  Drone  
  18  1:28  Drone  
  19  1:39  Overlord  
  19  2:01  Zergling x6  
  19  2:02  Queen x2  
  26  2:11  Drone  
  26  2:12  Drone  
  28  2:18  Metabolic Boost  
  28  2:29  Drone x2  
  30  2:42  Queen  
  32  2:57  Drone x4  
  36  2:59  Pneumatized Carapace  
  36  3:13  Hatchery  
  36  3:15  Overlord  
  36  3:17  Overlord  
  35  3:26  Drone  
  36  3:42  Drone x7  
  36  3:46  Queen  
  44  4:11  Hatchery, Lair  
  43  4:26  Drone x8  
  51  4:37  Queen x2  
  55  4:39  Drone x2  
  55  4:41  Overlord x3  
  57  5:01  Drone x8  
  57  5:04  Extractor  
  57  5:05  Extractor  
  57  5:06  Extractor x2  
  61  5:09  Baneling Nest, Evolution Chamber  
  61  5:13  Evolution Chamber  
  58  5:17  Hydralisk Den  
  57  5:23  Overlord x5  
  57  5:36  Drone x10  
  67  5:51  Zergling x10  
  67  5:53  Hatchery  
  71  6:05  Queen  
  71  6:08  Drone x3  
  71  6:09  Drone x3  
  71  6:10  Drone x2  
  71  6:11  Drone  
  82  6:17  Baneling x9  
  82  6:18  Baneling x6  
  80  7:00  Zerg Melee Weapons Level 1, Zerg Ground Armor Level 1  
  80  7:02  Centrifugal Hooks  
  80  7:03  Zergling x46  
  80  7:08  Muscular Augments  
  103  7:12  Overlord x3  
  103  7:34  Zergling x36  
  121  7:52  Baneling x4  
  121  7:53  Baneling x18  
  121  7:55  Zergling x24  
  133  8:05  Infestation Pit  
  133  8:09  Lurker Den  
  133  8:12  Grooved Spines  
  115  8:25  Drone x15  
  115  8:26  Drone x4  
  115  8:27  Drone x3  
  135  8:28  Drone  
  135  8:30  Overlord  
  135  8:33  Overlord  
  138  8:45  Hive  
  138  8:52  Hydralisk x6  
  138  8:54  Hydralisk  
  152  9:00  Zerg Melee Weapons Level 2, Zerg Ground Armor Level 2  
  151  9:44  Drone  
  151  9:45  Drone x2, Extractor x2  
  152  9:47  Drone x3  
  152  9:52  Spore Crawler  
  154  9:56  Spore Crawler  
  154  9:59  Spore Crawler x2  
  151  10:02  Spine Crawler  
  151  10:03  Hydralisk x5, Spine Crawler  
  151  10:04  Spine Crawler  
  151  10:06  Overlord x4  
  151  10:07  Overlord x4  
  158  10:25  Overlord x3  
  158  10:27  Hydralisk x11  
  180  10:37  Ultralisk Cavern  
  179  10:54  Viper x3  
  188  11:01  Zergling x2  
  188  11:02  Zergling x22  
  200  11:29  Chitinous Plating  
  200  11:33  Adrenal Glands  
  200  11:35  Zerg Melee Weapons Level 3  
  200  11:38  Unknown  
  200  11:50  Hatchery  
  178  12:06  Drone x14  
  178  12:07  Drone x12  
  191  12:13  Zergling x12  
  149  12:42  Overlord  
  148  12:47  Anabolic Synthesis  
  148  12:52  Hatchery  
  142  13:14  Ultralisk  
  142  13:15  Ultralisk x6  
  142  13:17  Zergling x18  
  142  13:18  Zergling x4  
  172  13:44  Overseer x3  
  172  13:45  Overseer  
  162  13:57  Hatchery  
  158  14:04  Drone x14  
  168  14:27  Hydralisk  
  168  14:28  Ultralisk  
  168  14:29  Hydralisk x6  
  168  14:30  Hydralisk, Spire  
  189  14:44  Spore Crawler  
  189  14:45  Drone, Spore Crawler x2  
  187  14:46  Drone x13  
  187  14:48  Spore Crawler  
  187  14:49  Spore Crawler  
  187  14:50  Spore Crawler x2  
  187  14:51  Spore Crawler x2  
  193  15:10  Queen x3  
  177  15:39  Extractor  
  177  15:40  Extractor  
Show
View Real Time Build Order
Export as new Build Order

XtremeNubi Terran 

Build Orders: Reaper Expand 

Get SALT Encoding   

  12  0:00  SCV  
  13  0:12  SCV  
  14  0:24  SCV  
  14  0:27  Supply Depot  
  15  0:49  SCV  
  16  0:50  Barracks  
  16  0:53  Barracks  
  16  0:58  Refinery  
  16  1:02  Refinery  
  16  1:04  SCV  
  17  1:17  SCV  
  18  1:50  Command Center  
  18  1:51  Reaper  
  19  2:29  Marine  
  19  2:32  Orbital Command  
  20  2:38  Supply Depot  
  20  2:52  Marine x2  
  21  3:00  SCV  
  22  3:05  Factory  
  22  3:09  Command Center  
  22  3:12  SCV  
  23  3:24  Engineering Bay, SCV  
  24  3:31  Marine x2  
  26  3:36  SCV  
  27  3:49  SCV  
  27  3:50  Widow Mine  
  27  3:54  Marine  
  31  3:56  Marine  
  31  3:58  Supply Depot  
  31  3:59  Neosteel Armor  
  31  4:01  SCV  
  33  4:03  SCV  
  34  4:13  SCV  
  34  4:15  SCV  
  36  4:27  SCV x2  
  38  4:35  Barracks  
  38  4:37  Barracks  
  38  4:39  Factory Tech Lab  
  38  4:41  Marine x2  
  38  4:43  SCV x3  
  42  4:55  SCV  
  42  4:57  Supply Depot  
  42  4:59  Hellion  
  45  5:02  Planetary Fortress  
  45  5:07  SCV  
  46  5:20  Hellion, SCV  
  49  5:21  SCV  
  49  5:24  Barracks Reactor  
  49  5:25  Barracks Reactor  
  49  5:27  Engineering Bay  
  50  5:30  Refinery x2  
  50  5:32  SCV  
  50  5:34  SCV  
  52  5:40  Engineering Bay, Terran Infantry Weapons Level 1  
  52  5:43  SCV  
  52  5:45  SCV  
  52  5:46  SCV  
  55  5:55  SCV, Barracks Reactor  
  55  5:57  SCV  
  57  5:58  SCV  
  57  6:04  Ghost Academy  
  58  6:07  SCV  
  58  6:09  Marine x2, SCV, Armory  
  58  6:10  Marine x2, SCV  
  65  6:32  Marine x2  
  67  6:38  Hellion  
  69  6:40  Terran Infantry Armor Level 1  
  69  6:41  SCV x3  
  69  6:42  Armory  
  69  6:43  Barracks Tech Lab  
  69  6:45  Supply Depot  
  72  6:48  Refinery  
  72  6:49  Marine  
  72  6:50  Supply Depot  
  72  6:53  Marine, SCV x3  
  77  7:02  Starport, Combat Shield  
  77  7:06  Hellion, Marine x2  
  77  7:07  Marine  
  82  7:09  SCV  
  82  7:12  SCV  
  82  7:13  SCV  
  85  7:17  Supply Depot  
  85  7:18  Marine x2  
  85  7:19  Supply Depot  
  87  7:31  Orbital Command  
  87  7:32  Starport  
  87  7:33  SCV x2  
  87  7:35  Terran Infantry Weapons Level 2  
  89  7:38  Terran Vehicle Weapons Level 1  
  89  7:39  Supply Depot  
  89  7:41  Marine x4  
  89  7:42  Marine  
  94  7:44  Medivac  
  96  7:54  Marine x2  
  96  7:56  Hellion  
  100  7:59  Missile Turret  
  100  8:08  Supply Depot x2  
  100  8:12  Ghost  
  103  8:18  Hellion  
  76  8:21  Stimpack  
  76  8:30  Starport Tech Lab  
  76  8:35  SCV x3  
  76  8:37  Bunker  
  76  8:38  Starport Tech Lab  
  76  8:40  Ghost  
  82  8:41  Supply Depot  
  82  8:44  Fusion Core  
  82  8:47  Personal Cloaking  
  82  8:58  Marine x6  
  82  8:59  Bunker  
  82  9:01  Banshee  
  82  9:02  Banshee  
  94  9:04  Supply Depot  
  94  9:09  Marine  
  95  9:15  Marine  
  95  9:16  Marine x3  
  95  9:38  Marine x2  
  97  9:40  Terran Infantry Armor Level 2  
  97  9:41  Marine x2  
  99  9:51  Hi-Sec Auto Tracking  
  99  9:55  Marine  
  99  9:56  Sensor Tower, Marine  
  99  9:58  Siege Tank  
  99  9:59  Marine x2  
  106  10:03  Command Center  
  106  10:06  Missile Turret  
  106  10:07  Marine x3  
  106  10:13  Nuke, Marine x2  
  111  10:14  SCV x2  
  111  10:16  Supply Depot, Marine  
  111  10:17  Marine  
  115  10:24  Marine  
  115  10:25  Marine x2  
  118  10:30  Siege Tank  
  118  10:31  Marine x2  
  118  10:34  Marine x2  
  118  10:35  Bunker  
  125  10:40  Supply Depot  
  125  10:43  Supply Depot  
  125  10:44  Marine x3  
  125  10:49  Marine x2  
  133  10:51  Banshee  
  133  10:52  Banshee, Marine x2  
  133  10:57  Refinery  
  138  11:02  Marine x3  
  138  11:04  Supply Depot, SCV  
  141  11:07  Marine x2  
  141  11:10  Marine x2  
  146  11:12  Refinery  
  146  11:16  SCV  
  147  11:20  Marine x3  
  147  11:25  Marine x2  
  152  11:28  Marine x2  
  152  11:32  SCV x3  
  157  11:37  Ghost, Marine  
  157  11:38  Refinery  
  152  12:02  Bunker  
  152  12:06  Ghost  
  136  12:17  Marine x4  
  136  12:18  Marine x2  
  110  12:26  Planetary Fortress  
  100  12:31  Siege Tank  
  100  12:35  Marine x7  
  100  12:36  Factory  
  109  12:41  Battlecruiser  
  109  12:43  Terran Infantry Armor Level 3, Terran Infantry Weapons Level 3  
  115  12:48  Nuke  
  115  12:53  Marine x7  
  119  13:03  Battlecruiser, Siege Tank  
  128  13:10  Marine  
  128  13:11  Marine x6  
  110  13:28  Marine  
  110  13:29  Marine x4  
  117  13:35  Siege Tank  
  118  13:45  Battlecruiser  
  118  13:46  Marine x2  
  117  14:38  Marine  
  117  14:39  Marine x3  
  117  14:43  Command Center  
  121  14:56  Marine x4  
  118  15:09  Marine  
  118  15:10  Bunker  
  119  15:14  Marine x4  
  119  15:20  Supply Depot  
Tags
 
Add a new tag
Caveats
  • Supply blocks, unpowered buildings, or Contaminate may cause inaccurate times.
  • Supply counts are checked every 10 seconds.